Description

Order of key things:

  • Gas-first
  • Double-Factory hellion-Tank
  • into 3rd CC,
  • Armoury,
  • 60 - 2xgases
  • 3 more factories,
  • Engi Bay + Turrets, 2nd armoury

VOD

https://www.youtube.com/watch?v=55sYKgAbBu0

Replay - Beginner Terran Mech Opening #156

Build Order

Get SALT Encoding   

  12  0:00  SCV  
  13  0:13  SCV  
  14  0:17  Supply Depot  
  14  0:25  SCV  
  15  0:29  Refinery  
  15  0:39  SCV  
  16  0:44  Barracks  
  16  0:51  SCV  
  17  1:03  SCV  
  18  1:15  SCV  
  19  1:32  Orbital Command  
  19  1:34  Reaper  
  20  1:43  Command Center  
  20  1:54  Factory  
  20  2:01  SCV  
  20  2:08  Barracks Reactor  
  21  2:13  SCV  
  21  2:15  Supply Depot  
  22  2:21  Refinery  
  22  2:25  SCV  
  25  2:51  Factory  
  25  2:52  Hellion x2  
  25  2:57  Barracks Tech Lab  
  29  3:01  Orbital Command  
  30  3:17  Hellion  
  35  3:39  Hellion x2  
  41  3:45  Siege Tank  
  44  3:50  Supply Depot  
  46  4:00  Supply Depot  
  46  4:14  Supply Depot  
  50  4:17  Hellion x2  
  50  4:22  Siege Tank  
  56  4:31  Command Center  
  58  4:39  Armory  
  58  4:41  Hellion x2  
  63  4:48  Refinery x2  
  64  4:57  Siege Tank  
  70  5:27  Barracks Tech Lab  
  70  5:28  Factory x2  
  70  5:29  Siege Tank  
  70  5:35  Factory  
  77  5:45  Hellion  
  77  5:48  Orbital Command  
  79  5:58  Barracks Tech Lab  
  83  6:05  Siege Tank  
  83  6:11  Engineering Bay  
  86  6:21  Factory Reactor  
  86  6:24  Siege Tank  
  96  6:41  Missile Turret x3  
  97  6:48  Missile Turret x3  
  97  6:54  Orbital Command  
  98  7:00  Armory  
Spawning Tool Build Advisor. Get it on Overwolf

Analysis

  • Hellion harassment/scouting can be awesome
  • A bit different in each matchup - find what works for you
  • Walloffs are incredibly important
  • Hellbats once you have armoury
  • Gas takes Priority
  • Engi Bay + Turret timing might need to be adjusted some games to before you add your 3rd-5th factories. However if you just get surprised 1/10 games or less then don’t bother too much. Mech always has some small vulnerabilities and you don’t want to start playing overly safe. So just follow the build at first and if you llose the odd game to air/drops don’t stress over it.

Go to:

Details

  • Created by: PiG      
  • Published on: Apr 16, 2017
  • Modified on: Apr 17, 2017
  • Patch: 3.8.0
  • Difficulty: Easy
Show
View Real Time Build Order
Export as new Build Order

Comments (2)

On Nov. 13, 2017, 2:02 a.m., PiG  said:

Nice to hear Isokaze! I'd recommend sinking your minerals into large numbers of hellions (nonstop production off that factory) and maybe even adding a 2nd/3rd factory for blue flame and a few siege tanks to help you survive any large timings where your banshee/hellion can't cope. Of course that slows down the transition into skytoss a little so it might not float your boat, if what you're doing works then rock it!

On Nov. 9, 2017, 4:36 p.m., Isokaze  said:

PiG! I love this build order and thank you so much for posting it. I am currently trying to use and adjust this build order to create my own Skyterran army composition. Using starports instead of factories, I would have Banshee's as my core with BC's to tank, Liberators and Ravens to support and Vikings to defend air. I have already worked out a lot of the details on how to micro and use this composition effectively, and also how to scout and change this in a way that counters the enemy composition. Do you have any suggestions? I am currently trying to get a good replay of mine that showcases this. I believe it has a lot of potential! =)

Create an account to comment!